 Dungeon Crawl Stone Soup version 0.22-a0-542-gce4f928 (webtiles) character file.

392 inc the Sneak (level 6, -3/36 HPs)
             Began as an Octopode Enchanter on June 24, 2018.
             Was an Initiate of Gozag.
             Slain by a gnoll
             ... wielding a +0 whip
              (7 damage)
             ... on level 4 of the Dungeon.
             The game lasted 00:04:35 (3444 turns).

inc the Sneak (Octopode Enchanter)                  Turns: 3444, Time: 00:04:35

Health: -3/36      AC:  1    Str:  8    XL:     6   Next: 80%
Magic:  9/9        EV:  7    Int: 19    God:    Gozag
Gold:   190        SH:  0    Dex: 12    Spells: 3/9 levels left

rFire    . . .     SeeInvis .   a - +1 dagger
rCold    . . .     Gourm    .   (no shield)
rNeg     . . .     Faith    .   (helmet restricted)
rPois    .         Spirit   .   (no amulet)
rElec    .         Reflect  .   (no ring)
rCorr    .         Harm     .   (no ring)
MR       .....                  (no ring)
Stlth    ++++......             (no ring)
HPRegen  0.12/turn              (no ring)
MPRegen  0.11/turn              (no ring)
                                (no ring)
                                (no ring)

@: held
A: almost no armour, stealthy swim, amphibious, 8 rings, constrict 8, camouflage
1, gelatinous body 1
a: Potion Petition, Call Merchant, Bribe Branch, Renounce Religion


You were on level 4 of the Dungeon.
You worshipped Gozag.
Gozag was aware of your devotion.
You were full.

You visited 2 branches of the dungeon, and saw 5 of its levels.

You collected 281 gold pieces.
You paid 91 gold pieces to Gozag.

Inventory:

Hand Weapons
 a - a +1 dagger (weapon)
Jewellery
 k - an uncursed ring of loudness
Wands
 o - a wand of paralysis (13)
Scrolls
 b - 5 scrolls of identify {unknown}
 d - a scroll of noise {unknown}
 f - a scroll of teleportation {unknown}
 h - 2 scrolls of enchant armour {unknown}
 i - 2 scrolls of remove curse
 l - 2 scrolls of blinking {unknown}
 p - a scroll of immolation {unknown}
 q - a scroll of fog {unknown}
Potions
 e - a potion of magic {unknown}
 g - a potion of brilliance {unknown}
 j - 2 potions of curing {unknown}
 m - a potion of degeneration {unknown}
 n - a potion of invisibility {unknown}
Comestibles
 c - 3 rations


   Skills:
 - Level 1.0 Short Blades
 - Level 2.0 Dodging
 - Level 6.2 Stealth
 - Level 2.0 Spellcasting
 + Level 4.3 Hexes
 - Level 4.7 Ice Magic


You had 3 spell levels left.
You knew the following spells:

 Your Spells              Type           Power        Failure   Level  Hunger
a - Corona                Hex            ###....      2%          1    #......
b - Ensorcelled Hibernat  Hex/Ice        ###...       4%          2    ###....
c - Confuse               Hex            ###.....     9%          3    ###....

Your spell library contained the following spells:

 Spells                   Type           Power        Failure   Level  Hunger
 Tukima's Dance           Hex            ###.....     9%          3    ###....
 Dazzling Spray           Conj/Hex       ##....       22%         3    ###....


Dungeon Overview and Level Annotations

Branches:
Dungeon (4/15)             Temple (1/1) D:4

Altars:
Ashenzari
Dithmenos
Elyvilon
Fedhas
Gozag
Hepliaklqana
Kikubaaqudgha
Makhleb
Qazlal
Ru
Sif Muna
Uskayaw
Vehumet
Xom
Yredelemnul
The Shining One


Innate Abilities, Weirdness & Mutations

You cannot wear most types of armour.
You are very stealthy in the water. (Stealth+)
You are amphibious.
You can wear up to eight rings at the same time.
You can use your tentacles to constrict eight enemies at once.
Your skin changes colour to match your surroundings (Stealth+).
Your rubbery body absorbs attacks. (AC +1, EV +1)


Message History

You open the door.
A gnoll comes into view. 2 gnolls come into view.
The gnoll shouts! x3
The gnoll hits you with a spear!
The gnoll throws a throwing net.
The throwing net hits you.
You become entangled in the net!
There is an open door here.
You see here a throwing net.
Casting: Ensorcelled Hibernation (safe; 4% risk of failure)
Confirm with . or Enter, or press ? or * to list all spells.
Aiming: Ensorcelled Hibernation (safe; 4% risk of failure)
Press: ? - help, Shift-Dir - straight line, f - gnoll
Aim: a gnoll, wielding a whip (chance to defeat MR: 58%)
Okay, then.
You struggle against the net.
The gnoll hits you with a spear.
You struggle against the net.
The gnoll hits you with a spear!
* * * LOW HITPOINT WARNING * * *
The gnoll hits you with a whip!
You die...
Your body crumbles into a pile of gold.

###.#..##### ##.........#.#
...(......)# ...........†..
....#..###)# ##.........###
#####..# #.# ####...#### # #.##
#.# ###...###### #.# #.#
#.......<... ##.####)##
################### #........#
#.#....### # ####..####..#
#.@gg....# ###### ......# #..#
#.#gg.....## #.....
#####.####..###.####.....########
................# #....# #
..###.#####.##.### #...## ###.#
#.##...#$ $ #...[######
....#####.....## #...#.....
##............#$ $ #...#.####
#...........## #...#.#


You could see 4 gnolls.

Vanquished Creatures
  An ogre (D:4)
  A scorpion (D:4)
  A howler monkey (D:4)
  A centaur skeleton (D:4)
  An iguana (D:4)
  2 worker ants (D:4)
  2 adders
  2 adder skeletons (D:4)
  3 worms
  3 dart slugs
  3 leopard geckos
  7 orcs
  4 bats
  2 giant cockroaches (D:2)
  9 goblins
  7 hobgoblins
  3 jackals (D:2)
  A ball python (D:4)
  4 frilled lizards
  5 kobolds
  A leopard gecko skeleton (D:4)
  6 rats
69 creatures vanquished.

Notes
Turn   | Place    | Note
-------+----------+-------------------------------------------
     0 | D:1      | inc the Octopode Enchanter began the quest for the Orb.
     0 | D:1      | Reached XP level 1. HP: 11/11 MP: 3/3
   348 | D:1      | Reached XP level 2. HP: 17/17 MP: 5/5
   373 | D:1      | Reached skill level 5 in Stealth
   537 | D:1      | Learned a level 2 spell: Ensorcelled Hibernation
   730 | D:1      | Reached XP level 3. HP: 3/21 MP: 6/6
  1340 | D:2      | Reached skill level 6 in Stealth
  1975 | D:2      | Reached skill level 1 in Ice Magic
  1989 | D:2      | Reached XP level 4. HP: 23/27 MP: 7/7
  2566 | D:3      | You fall through a shaft!
  2581 | D:4      | Reached XP level 5. HP: 31/31 MP: 1/8
  3051 | D:4      | Found a staircase to the Ecumenical Temple.
  3062 | Temple   | Entered the Ecumenical Temple
  3082 | Temple   | Became a worshipper of Gozag Ym Sagoz the Greedy
  3153 | D:4      | Reached XP level 6. HP: 36/36 MP: 9/9
  3225 | D:4      | Learned a level 3 spell: Confuse
  3238 | D:4      | Found a glowing golden altar of the Shining One.
  3444 | D:4      | Slain by a gnoll

Vault maps used:
D:1:      saegor_arrival_simple_c
D:2:      grunt_decor_mini_mirrors
D:3:      uniq_ijyb
D:4:      tso_altar, minmay_temple_entry_fiery, lightli_corner_chamber
Temple:   eino_wide_crystal_templ

Skill      XL: |  1  2  3  4  5  6 |
---------------+-------------------+-----
Stealth        | 5 6 |  6.2
Ice Magic      | 1 3 4 |  4.7
Hexes          | 4 |  4.3
Short Blades   | |  1.0
Dodging        | |  2.0
Spellcasting   | |  2.0

Action                   |  1- 3 |  4- 6 || total
-------------------------+-------+-------++-------
Melee: Dagger            |    88 |    56 ||   144
       Tentacles         |     8 |     7 ||    15
       Constrict         |    21 |     9 ||    30
 Cast: Ensorcelled Hiber |     2 |    11 ||    13
  Use: Scroll            |     1 |       ||     1
 Stab: Sleeping          |    19 |    20 ||    39
  Eat: Chunk             |     3 |     4 ||     7
       Ration            |       |     2 ||     2
Armor: Skin              |     6 |     1 ||     7
Dodge: Dodged            |    42 |    23 ||    65

Table legend:
 A = Spawn XP
 B = Non-spawn XP
 C = Spawn XP percentage of total XP
 D = Spawn monster count
 E = Non-spawn monster count
 F = Spawn count percentage of total count
 G = Total turns spent on level
                    A         B        C        D         E        F      G
               +---------+---------+-------+---------+---------+-------+---------
         Total |       0 |     560 |   0.0 |       0 |      69 |   0.0 |  3444
               +---------+---------+-------+---------+---------+-------+---------
           D:1 |       0 |      38 |   0.0 |       0 |      21 |   0.0 |  1267
           D:2 |       0 |      55 |   0.0 |       0 |      23 |   0.0 |  1236
           D:3 |       0 |       9 |   0.0 |       0 |       4 |   0.0 |    63
           D:4 |       0 |     458 |   0.0 |       0 |      21 |   0.0 |   814
               +---------+---------+-------+---------+---------+-------+---------
